Map: 카이로스 정션 - 래더

Players

Scarlett - Winner!

  • Race: Zerg Zerg
  • League: Diamond

Maru

  • Race: Terran Terran

Event: WESG 2018 Grand Finals

VOD

Have the link to the VOD?

Description

Time

  • Played on: March 17, 2019, 2:25 a.m.
  • Length: 6:11

All games in this series

Show
View Real Time Build Order
Export as new Build Order

Scarlett Zerg - Winner!

Build Orders: Hatch First 

Get SALT Encoding   

  12  0:00  Drone  
  13  0:12  Overlord  
  13  0:17  Drone  
  14  0:30  Drone x2  
  16  0:47  Hatchery  
  15  0:51  Drone  
  15  0:55  Drone  
  17  1:08  Spawning Pool  
  16  1:12  Drone  
  16  1:13  Extractor  
  16  1:16  Drone  
  17  1:20  Drone  
  18  1:29  Drone  
  19  1:45  Drone  
  20  1:49  Overlord  
  20  1:56  Queen  
  20  1:59  Queen  
  24  2:01  Zergling x4  
  26  2:10  Drone  
  26  2:11  Drone  
  26  2:15  Metabolic Boost  
  28  2:23  Drone x2  
  30  2:35  Overlord, Queen  
  32  2:39  Drone  
  32  2:42  Drone  
  32  2:43  Drone  
  35  2:52  Lair  
  35  2:57  Drone x2  
  37  3:02  Overlord  
  37  3:04  Drone x3  
  40  3:10  Overlord  
  40  3:12  Drone  
  41  3:25  Hatchery  
  40  3:27  Drone  
  40  3:28  Drone  
  40  3:30  Drone  
  43  3:34  Zergling x4  
  43  3:37  Zergling x4  
  47  3:42  Queen  
  49  3:51  Zergling x10  
  54  3:57  Nydus Network  
  54  4:01  Queen  
  55  4:09  Overlord x2  
  55  4:10  Zergling x4  
  55  4:15  Zergling x4  
  59  4:34  Nydus Canal  
  59  4:38  Zergling x14  
  66  4:44  Queen x2  
  69  4:45  Overlord  
  69  4:46  Zergling x2  
  69  4:49  Nydus Canal  
  70  4:55  Zergling x6  
  71  5:03  Nydus Canal  
  71  5:04  Zergling x12  
  72  5:16  Queen  
  72  5:20  Queen  
  74  5:22  Queen, Zergling x8  
  74  5:27  Zergling x4  
  62  5:43  Zergling x12  
  62  5:53  Zergling x2  
Show
View Real Time Build Order
Export as new Build Order

Maru Terran 

Build Orders: Gas First Reaper Expand 

Get SALT Encoding   

  12  0:00  SCV  
  13  0:13  SCV  
  14  0:16  Supply Depot  
  14  0:25  SCV  
  15  0:28  Refinery  
  15  0:38  SCV  
  16  0:43  Barracks  
  16  0:50  SCV  
  17  1:02  SCV  
  18  1:14  SCV  
  19  1:30  Orbital Command  
  19  1:31  Reaper  
  20  1:41  Command Center  
  20  1:56  SCV  
  20  1:59  Factory  
  21  2:07  Barracks Reactor  
  21  2:08  SCV  
  21  2:11  Supply Depot  
  22  2:16  Refinery  
  22  2:20  SCV  
  23  2:33  SCV  
  24  2:46  Starport  
  24  2:47  SCV  
  24  2:50  Hellion x2  
  29  2:54  Orbital Command  
  29  2:59  SCV  
  30  3:11  Hellion x2  
  34  3:19  Barracks Tech Lab  
  34  3:20  Supply Depot  
  34  3:21  SCV x2  
  36  3:28  Viking  
  36  3:33  SCV x2  
  40  3:45  SCV  
  40  3:46  Marine  
  40  3:47  Stimpack  
  42  3:49  SCV  
  43  3:57  SCV, Supply Depot  
  43  4:02  Barracks, SCV  
  45  4:05  Starport Reactor  
  45  4:06  Factory Tech Lab  
  45  4:07  Barracks  
  45  4:09  Marine  
  47  4:10  SCV  
  47  4:15  Engineering Bay  
  47  4:17  SCV  
  48  4:22  SCV  
  49  4:26  Siege Tank, Liberator  
  49  4:29  Refinery  
  49  4:30  Supply Depot  
  52  4:31  Marine  
  52  4:33  SCV  
  54  4:45  Bunker  
  52  4:49  Marine  
  52  4:52  Engineering Bay  
  53  4:53  Marine  
  53  4:57  Marine  
  38  5:07  Marine  
  38  5:11  Marine  
  40  5:14  Marine  
  37  5:25  Marine  
  36  5:29  Marine  
  36  5:30  Medivac  
  36  5:32  Marine  
  36  5:34  Medivac  
  42  5:36  SCV  
  29  5:42  Marine  
  29  5:47  Marine  
Tags
 
Add a new tag
Caveats
  • Supply blocks, unpowered buildings, or Contaminate may cause inaccurate times.
  • Supply counts are checked every 10 seconds.